 Dungeon Crawl Stone Soup version 0.29.0-7-g18a832c13a (webtiles) character file.

Game seed: 2023230121045767131

196507 magipi the Severer (level 18, -8/144 HPs)
             Began as a Hill Orc Gladiator on Aug 30, 2022.
             Was the Champion of Hepliaklqana.
             Killed from afar by a bog body (23 damage)
             ... with a bolt of cold
             ... on level 1 of the Swamp.
             The game lasted 02:02:25 (37161 turns).

magipi the Severer (Hill Orc Gladiator)            Turns: 37161, Time: 02:02:26

Health: -8/144     AC: 29    Str: 23      XL:     18   Next: 37%
Magic:  29/29      EV:  9    Int:  9 (10) God:    Hepliaklqana [******]
Gold:   2885       SH: 13    Dex: 14 (16) Spells: 17/17 levels left

rFire   . . .      SeeInvis .   b - +1 broad axe (flame)
rCold   . . .      Faith    .   Y - +0 kite shield {reflect}
rNeg    . . .      Spirit   .   W - +4 chain mail of Anesigir {rElec rPois Int+2 Dex+2}
rPois   +          Reflect  +   t - +2 helmet
rElec   +          Harm     .   Z - +2 cloak of Objectivity {Regen+}
rCorr   +          Rampage  +   w - +0 pair of gloves
Will    ++...                   q - +2 pair of boots {rampage}
Stlth   ..........              J - amulet of the acrobat
HPRegen 1.14/turn               m - ring of willpower
MPRegen 0.21/turn               o - ring of resist corrosion

@: mighty, on berserk cooldown, constricted, studying Shields
A: reduced essence, deterioration 1
}: 1/15 runes: gossamer
a: Renounce Religion, Recall Ancestor, Ancestor Identity, Transference, Idealise


You were on level 1 of the Swamp.
You worshipped Hepliaklqana.
Hepliaklqana was exalted by your worship.
You visited 6 branches of the dungeon, and saw 28 of its levels.
You also visited: Ice Cave.

You collected 3235 gold pieces.
You spent 350 gold pieces at shops.

Inventory:

Hand Weapons
 a - a +3 war axe of electrocution
 b - a +1 broad axe of flaming (weapon)
 X - the +4 mace of Obaehele {venom, rElec rN+}
   (You found it on level 4 of the Dungeon)

   It poisons the flesh of those it strikes.
   rElec:     It insulates you from electricity.
   rN:        It protects you from negative energy.
Missiles
 u - 18 boomerangs (quivered)
 x - 6 javelins
 E - a throwing net
Armour
 q - a +2 pair of boots of rampaging (worn)
 t - a +2 helmet (worn)
 w - a +0 pair of gloves (worn)
 K - a +1 plate armour of cold resistance
 W - the +4 chain mail of Anesigir (worn) {rElec rPois Int+2 Dex+2}
   (You found it on level 13 of the Dungeon)

   Int:       It affects your intelligence (+2).
   Dex:       It affects your dexterity (+2).
   rElec:     It insulates you from electricity.
   rPois:     It protects you from poison.
 Y - a +0 kite shield of reflection (worn)
 Z - the +2 cloak of Objectivity (worn) {Regen+}
   (You found it on level 3 of the Spider Nest)

   Regen:     It increases your rate of health regeneration.
Jewellery
 c - a ring of protection from cold
 f - a ring of protection from fire
 i - a ring of see invisible
 m - a ring of willpower (left hand)
 o - a ring of resist corrosion (right hand)
 J - an amulet of the acrobat (around neck)
Wands
 e - a wand of flame (21)
 p - a wand of roots (3)
 v - a wand of paralysis (28)
 F - a wand of quicksilver (11)
 L - a wand of mindburst (9)
Scrolls
 g - 2 scrolls of immolation
 j - 2 scrolls of identify
 s - a scroll of butterflies
 y - 3 scrolls of noise
 G - 8 scrolls of poison
 I - 2 scrolls of silence
 N - 2 scrolls of fear
 R - 2 scrolls of magic mapping
Potions
 d - 7 potions of lignification
 k - 4 potions of flight
 r - 9 potions of curing
 z - 5 potions of ambrosia
 B - 3 potions of mutation
 M - a potion of resistance
 O - a potion of cancellation
 T - 2 potions of invisibility
 U - 3 potions of magic
Miscellaneous
 l - a box of beasts
 D - a condenser vane (inert)
 S - a phial of floods


   Skills:
 - Level 14.0 Fighting
 + Level 15.6 Axes
 + Level 12.1 Throwing
 + Level 12.9 Armour
 - Level 10.0 Dodging
 + Level 13.9 Shields
 + Level 14.8 Invocations
 + Level 12.5 Evocations


You had 17 spell levels left.
You didn't know any spells.
Your spell library contained the following spells:

 Spells                   Type           Power      Damage    Failure   Level
 Beastly Appendage        Tmut           0%         N/A       98%         1
 Slow                     Hex            0%         N/A       98%         1
 Ensorcelled Hibernation  Hex/Ice        0%         N/A       99%         2
 Passwall                 Tmut/Erth      0%         N/A       99%         2
 Scorch                   Fire           0%         2d5       99%         2
 Static Discharge         Conj/Air       0%         3-3/arc   99%         2
 Sublimation of Blood     Necr           0%         N/A       99%         2
 Wereblood                Tmut           0%         N/A       99%         2
 Confusing Touch          Hex            0%         N/A       100%        3
 Conjure Flame            Conj/Fire      0%         6-21      100%        3
 Frozen Ramparts          Ice            0%         1d1       100%        3
 Gell's Gravitas          Tloc           0%         N/A       100%        3
 Ignite Poison            Fire/Tmut/Pois 0%         N/A       100%        3
 Inner Flame              Hex/Fire       0%         N/A       100%        3
 Spider Form              Tmut/Pois      0%         N/A       100%        3
 Swiftness                Air            0%         N/A       100%        3
 Teleport Other           Tloc           0%         N/A       100%        3
 Vampiric Draining        Necr           0%         2d6       100%        3
 Anguish                  Hex/Necr       0%         N/A       100%        4
 Animate Dead             Necr           0%         N/A       100%        4
 Cause Fear               Hex            0%         N/A       100%        4
 Corpse Rot               Necr/Pois/Air  0%         N/A       100%        4
 Dispel Undead            Necr           0%         3d6       100%        4
 Flame Wave               Conj/Fire      0%         2d4       100%        4
 Hailstorm                Conj/Ice       0%         3d3       100%        4
 Ice Form                 Ice/Tmut       0%         N/A       100%        4
 Petrify                  Tmut/Erth      0%         N/A       100%        4
 Sticky Flame             Conj/Fire      0%         2d3       100%        4
 Agony                    Necr           0%         N/A       100%        5
 Borgnjor's Vile Clutch   Necr/Erth      0%         N/A       100%        5
 Irradiate                Conj/Tmut      0%         3d11      100%        5
 Metabolic Englaciation   Hex/Ice        0%         N/A       100%        5
 Summon Forest            Summ/Tloc      0%         N/A       100%        5
 Death Channel            Necr           0%         N/A       100%        6
 Dispersal                Tloc           0%         N/A       100%        6
 Eringya's Noxious Bog    Tmut/Pois      0%         N/A       100%        6
 Statue Form              Tmut/Erth      0%         N/A       100%        6
 Summon Cactus Giant      Summ           0%         N/A       100%        6
 Enfeeble                 Hex            0%         N/A       100%        7
 Summon Hydra             Summ           0%         N/A       100%        7
 Discord                  Hex            0%         N/A       100%        8
 Necromutation            Tmut/Necr      0%         N/A       100%        8
 Polar Vortex             Ice            0%         N/A       100%        9


Dungeon Overview and Level Annotations

Branches:
Dungeon (15/15)            Temple (1/1) D:4            Lair (5/5) D:8
  Swamp (1/4) Lair:2       Spider (4/4) Lair:2        Slime (0/5) Lair:5
    Orc (2/2) D:9             Elf (0/3) Orc:2        Vaults (0/5) D:14
 Depths (0/4) D:15          IceCv (visited)

Altars:
Ashenzari
Cheibriados
Dithmenos
Elyvilon
Fedhas
Gozag
Hepliaklqana
Kikubaaqudgha
Makhleb
Nemelex Xobeh
Okawaru
Qazlal
Ru
Sif Muna
Trog
Uskayaw
Vehumet
Wu Jian
Xom
Yredelemnul
Zin
The Shining One
Beogh
Jiyva

Shops:
D:6 *   Orc:2 ((:[

Annotations:
D:2 1 runed translucent door, dig, Crazy Yiuf
Lair:3 Rupert
Lair:4 exclusion: 2 oklob plants


Innate Abilities, Weirdness & Mutations

Your life essence is reduced to manifest your ancestor. (-10% HP)
Your body sometimes deteriorates upon taking damage.


Message History

Unknown command.
Unknown command.
Unknown command.
Unknown command.
You lop one of the six-headed hydra's heads off!
The flame cauterises the wound!
You chop the five-headed hydra into pieces!!!
You burn the five-headed hydra!
The five-headed hydra is almost dead.
You hit the tentacled monstrosity. You burn the tentacled monstrosity.
You slash the bog body!
The alligator seems less confused.
The alligator slows down.
You block the five-headed hydra's attack.
The five-headed hydra bites you but does no damage. x3
You block the five-headed hydra's attack.
You block the bog body's attack.
You block the tentacled monstrosity's attack.
The tentacled monstrosity tentacle-slaps you.
* * * LOW HITPOINT WARNING * * *
The tentacled monstrosity tentacle-slaps you but does no damage.
The tentacled monstrosity constricts you!
* * * LOW HITPOINT WARNING * * *
Unknown command.
Unknown command.
Unknown command.
Unknown command.
Unknown command.
Unknown command.
Unknown command.
Unknown command.
You hack one of the five-headed hydra's heads off!
The flame cauterises the wound!
You chop the four-headed hydra into pieces!!!
You burn the four-headed hydra.
You kill the four-headed hydra!
You slash the tentacled monstrosity! You slash the bog body!
The alligator puts on a burst of speed!
The bog body gestures at you while chanting.
The bolt of cold hits you!!
You die...

≈≈≈≈≈≈.~~. ♣♣.}~R.X~.~♣
≈≈≈≈≈♣...♣ ♣♣♣~♣.......♣♣
♣≈≈≈≈♣..~♣♣♣♣...♣♣♣♣♣♣...♣
~♣≈♣~~~..~§~~...§♣ .§.~
.~♣~.....~.~~~~~~♣ ♣..~
.~~~.§..D~.§~.~~~♣ ♣♣~
...~.§§°♣♣.....~♣♣ ~
~.....kx♣♣♣♣♣♣♣♣♣
♣~....DDX@♣ ♣♣♣♣♣..tn†♣
♣♣♣~♣♣♣ ♣♣♣


You could see a tentacled monstrosity, a bunyip, an alligator (swift, extremely
poisoned), a four-headed hydra, a swamp dragon, a bog body and a swamp drake.

Vanquished Creatures
  Nikola (Spider:2)
  Arachne (Spider:3)
  Kirke (Lair:5)
  Donald (Spider:2)
  2 ghost moths (Spider:4)
  4 emperor scorpions
  3 broodmothers
  Nessos (D:12)
  An eleionoma (Swamp:1)
  2 entropy weavers
  A spark wasp (Lair:2)
  2 bunyips (Swamp:1)
  3 ogre magi (Orc:2)
  2 vault guards (D:14)
  7 hydras
  2 jorogumos
  3 boulder beetles
  A centaur warrior (D:14)
  A catoblepas (D:13)
  A tengu warrior (D:9)
  2 radroaches
  4 slime creatures (D:13)
  An alligator (Swamp:1)
  14 two-headed ogres
  An orc high priest (Orc:2)
  10 death yaks
  Urug (Lair:5)
  8 pharaoh ants
  6 steelbarb worms
  5 orb spiders
  A sun moth (Spider:3)
  Lodul (D:12)
  A bog body (Swamp:1)
  2 wizards
  2 orc knights (Orc:2)
  A deep elf pyromancer (D:12)
  A necromancer (D:14)
  2 orc sorcerers (Orc:2)
  2 cyclopes
  4 manticores
  13 ugly things
  2 moths of wrath
  2 ice statues (IceCv)
  24 wolf spiders
  2 elephants (Lair:5)
  A black mamba (Lair:5)
  9 cane toads
  3 torpor snails
  3 rime drakes (Lair:5)
  3 komodo dragons
  A freezing wraith (IceCv)
  2 yaktaurs
  5 demonic crawlers
  An unseen horror (shapeshifter) (D:13)
  2 anaconda simulacra (IceCv)
  4 ice devils (IceCv)
  3 meliai (D:15)
  6 trolls
  A polar bear (Lair:5)
  Grinder (D:3)
  27 tarantellas
  2 tyrant leeches
  19 blink frogs
  19 culicivoras
  23 jumping spiders
  A culicivora (shapeshifter) (D:15)
  59 yaks
  Sigmund (D:2)
  2 dire elephant simulacra (IceCv)
  3 wyverns
  A vampire (D:13)
  4 wraiths
  12 humans (D:14)
  5 basilisks
  5 vampire mosquitoes
  49 redbacks
  A steam dragon (D:10)
  4 wargs
  Edmund (D:5)
  2 swamp worms (Swamp:1)
  A harpy simulacrum (IceCv)
  Duvessa (D:5)
  14 water moccasins
  17 orc warriors
  2 ice beasts
  A sky beast (D:8)
  3 black bears
  7 centaurs
  32 ogres
  35 wolves
  3 phantoms
  A gnoll sergeant (D:10)
  Blork the orc (D:5)
  4 bullfrogs
  A cane toad simulacrum (IceCv)
  A necrophage (D:5)
  2 scorpions (D:5)
  15 wights
  3 hexers
  Dowan (D:5)
  3 killer bees
  4 electric eels (D:13)
  2 howler monkeys (D:10)
  2 jellies
  7 orc priests
  2 hounds
  3 gnoll boudas
  5 iguanas
  Terence (D:1)
  5 orc wizards
  19 gnolls
  9 adders
  A naga simulacrum (IceCv)
  A shadow imp (D:5)
  An ufetubus (D:5)
  4 dart slugs (D:2)
  43 orcs
  9 ball pythons
  4 endoplasms
  6 giant cockroaches
  2 hobgoblins
  5 jackals
  A quokka (D:1)
  7 bats
  4 frilled lizards
  12 goblins
  12 kobolds
  8 rats
764 creatures vanquished.

Vanquished Creatures (collateral kills)
  Gastronok (D:11)
  An orc warlord (Orc:1)
  2 emperor scorpions (Spider:4)
  Aizul (Swamp:1)
  A ghost moth (Spider:4)
  A reaper (IceCv)
  An entropy weaver (Spider:3)
  4 hydras
  An ogre mage (Orc:2)
  3 catoblepae (Lair:5)
  A jorogumo (Spider:3)
  2 centaur warriors
  A boulder beetle (D:11)
  8 two-headed ogres
  2 radroaches
  2 death yaks (Lair:4)
  A sun moth (Spider:4)
  A pharaoh ant (Spider:3)
  3 steelbarb worms
  A goliath frog (Swamp:1)
  A spriggan druid (Swamp:1)
  An orb spider (Spider:3)
  A harpy (shapeshifter) (D:15)
  6 wolf spiders
  2 oklob plants (Lair:3)
  An orc sorcerer (Orc:1)
  2 ugly things (D:15)
  A cyclops (D:15)
  A will-o-the-wisp (Lair:2)
  3 elephants (Lair:5)
  A torpor snail (Spider:3)
  5 cane toads
  2 rime drakes
  2 komodo dragons
  An anaconda simulacrum (IceCv)
  3 ice devils (IceCv)
  A troll (Orc:2)
  2 tarantellas
  5 blink frogs
  A slime creature (D:10)
  3 jumping spiders
  A shadow (D:9)
  9 culicivoras
  A wyvern (Lair:3)
  A water elemental (D:13)
  2 dire elephant simulacra (IceCv)
  3 basilisks
  8 humans (D:14)
  21 yaks
  12 redbacks
  A steam dragon (D:7)
  A harpy simulacrum (IceCv)
  2 wargs
  An acid dragon (D:14)
  5 water moccasins
  A hydra simulacrum (IceCv)
  A hexer (Spider:3)
  A sky beast (D:7)
  7 orc warriors
  10 ogres
  2 wolves (Lair:1)
  4 bullfrogs
  4 wights
  5 killer bees
  2 howler monkeys
  2 orc priests
  6 orc wizards
  4 gnolls
  2 white imps
  17 orcs
219 creatures vanquished.

Vanquished Creatures (others)
  A black mamba (Lair:5)
  A vampire mosquito (Swamp:1)
  4 humans (Lair:5)
  An orc warrior (Orc:1)
  An ogre (Orc:2)
  A gnoll sergeant (D:5)
  A scorpion (D:5)
  A howler monkey (D:5)
  A hound (D:5)
  A jelly (D:5)
  30 hexers
  An ancestor (D:6)
  3 adders (D:5)
  3 orcs (Orc:1)
  A hobgoblin (D:2)
  A bush (Lair:5)
  69 fungi
  73 plants
194 creatures vanquished.

Grand Total: 1177 creatures vanquished

Notes
Turn   | Place    | Note
-------+----------+-------------------------------------------
     0 | D:1      | magipi the Hill Orc Gladiator began the quest for the Orb.
     0 | D:1      | Reached XP level 1. HP: 18/18 MP: 1/1
   213 | D:1      | Reached XP level 2. HP: 21/25 MP: 2/2
   794 | D:1      | Reached skill level 5 in Axes
   980 | D:1      | Reached XP level 3. HP: 30/30 MP: 3/3
  1286 | D:2      | Noticed Terence
  1310 | D:1      | Killed Terence
  1577 | D:2      | Reached XP level 4. HP: 37/37 MP: 4/4
  1689 | D:2      | Found a runed translucent door.
  1690 | D:2      | Noticed Crazy Yiuf
  1720 | D:2      | Found a burning altar of Makhleb.
  1740 | D:2      | Noticed Sigmund
  1755 | D:2      | Killed Sigmund
  1756 | D:2      | Reached skill level 7 in Axes
  1756 | D:2      | Reached XP level 5. HP: 15/42 MP: 5/5
  2038 | D:2      | Reached XP level 6. HP: 50/50 MP: 6/6
  2144 | D:2      | Found a faded altar of an unknown god.
  2581 | D:3      | You fall into a shaft and drop 2 floors!
  2581 | D:5      | Entered Level 5 of the Dungeon
  2585 | D:5      | Noticed an ice beast
  2591 | D:5      | Reached skill level 8 in Axes
  2610 | D:5      | Noticed Dowan
  2612 | D:5      | Noticed Duvessa
  3267 | D:3      | Noticed Grinder
  3282 | D:3      | Paralysed by Grinder for 3 turns
  3289 | D:3      | Killed Grinder
  3290 | D:3      | Reached skill level 9 in Axes
  3290 | D:3      | Reached skill level 1 in Evocations
  3290 | D:3      | Reached XP level 7. HP: 22/56 MP: 7/7
  3781 | D:4      | Identified the +4 mace of Obaehele {venom, rElec rN+}
  4080 | D:4      | Found a staircase to the Ecumenical Temple.
  4091 | Temple   | Entered the Ecumenical Temple
  4091 | Temple   | Found a transporter.
  4091 | Temple   | Found a transporter.
  4093 | Temple   | Found a transporter.
  4093 | Temple   | Found a transporter.
  4118 | Temple   | Became a worshipper of Hepliaklqana the Forgotten
  4256 | D:4      | Found a burning altar of Makhleb.
  4259 | D:4      | Found a glowing silver altar of Zin.
  4259 | D:4      | Noticed an angel
  4259 | D:4      | Noticed a balrug
  4407 | D:5      | Killed Duvessa
  4408 | D:5      | Reached XP level 8. HP: 23/62 MP: 8/8
  4409 | D:5      | Killed Dowan
  4609 | D:5      | Reached skill level 10 in Axes
  4859 | D:5      | Noticed Edmund
  4860 | D:5      | Noticed Blork the orc
  4866 | D:5      | Killed Edmund
  4867 | D:5      | Reached skill level 5 in Throwing
  4872 | D:5      | Killed Blork the orc
  4908 | D:5      | Found a sparkling altar of Nemelex Xobeh.
  4909 | D:5      | Found an opulent altar of Gozag.
  5090 | D:5      | Found a shadowy altar of Dithmenos.
  5191 | D:5      | Found a shimmering altar of Xom.
  5217 | D:5      | Reached skill level 11 in Axes
  5230 | D:5      | Reached skill level 1 in Armour
  5230 | D:5      | Reached skill level 1 in Shields
  5250 | D:5      | Reached XP level 9. HP: 59/68 MP: 9/9
  5702 | D:6      | Reached * piety under Hepliaklqana
  5951 | D:6      | Reached skill level 1 in Invocations
  5998 | D:6      | Reached skill level 12 in Axes
  6634 | D:6      | Found Xaujoru's Fire Supplies.
  6946 | D:7      | Reached XP level 10. HP: 66/69 MP: 11/11
  6983 | D:7      | Found an ancient bone altar of Kikubaaqudgha.
  7198 | D:7      | Reached ** piety under Hepliaklqana
  7199 | D:7      | Remembered your ancestor Bohike as a hexer
  7518 | D:7      | Reached skill level 5 in Evocations
  7921 | D:8      | Found a staircase to the Lair.
  8073 | D:8      | Found a bloodstained altar of Trog.
  8281 | D:8      | Reached skill level 13 in Axes
  9148 | D:9      | Found a staircase to the Orcish Mines.
  9150 | D:9      | Found a roughly hewn altar of Beogh.
  9269 | D:9      | Found an iron altar of Okawaru.
  9407 | D:9      | Reached *** piety under Hepliaklqana
  9513 | D:9      | Reached XP level 11. HP: 71/76 MP: 14/14
  9518 | D:9      | Reached skill level 5 in Fighting
  9528 | D:9      | Reached skill level 5 in Armour
 10040 | D:10     | Entered Level 10 of the Dungeon
 10244 | D:10     | Reached skill level 5 in Shields
 10334 | D:10     | Reached skill level 5 in Invocations
 10477 | D:10     | Noticed a two-headed ogre
 10484 | D:10     | Killed a two-headed ogre
 10521 | D:10     | Noticed a tengu warrior
 10538 | D:9      | Killed a tengu warrior
 10539 | D:9      | Reached skill level 14 in Axes
 10847 | D:6      | Bought a ring of protection from fire for 350 gold pieces
 11051 | D:10     | Reached skill level 5 in Dodging
 11420 | D:11     | Noticed a five-headed hydra
 11424 | D:11     | Noticed a two-headed ogre
 11428 | D:11     | Killed a five-headed hydra
 11432 | D:11     | Killed a two-headed ogre
 11575 | D:11     | Noticed a boulder beetle
 11576 | D:11     | Noticed a cyclops
 11588 | D:11     | Killed a cyclops
 11589 | D:11     | Reached XP level 12. HP: 57/87 MP: 14/16
 11718 | D:11     | Killed a boulder beetle
 11953 | D:11     | Noticed a two-headed ogre
 11953 | D:11     | Noticed a two-headed ogre
 11980 | D:11     | Killed a two-headed ogre
 11983 | D:11     | Killed a two-headed ogre
 12064 | D:11     | Noticed Gastronok
 12170 | D:11     | Noticed a two-headed ogre
 12180 | D:11     | Killed a two-headed ogre
 12263 | D:11     | Noticed a two-headed ogre
 12271 | D:11     | Killed a two-headed ogre
 12349 | D:11     | Killed Gastronok
 12621 | Lair:1   | Entered Level 1 of the Lair of Beasts
 12635 | Lair:1   | Reached **** piety under Hepliaklqana
 14037 | Lair:2   | Reached ***** piety under Hepliaklqana
 14066 | Lair:2   | Reached XP level 13. HP: 96/96 MP: 19/19
 14133 | Lair:2   | Found a frozen archway.
 14175 | IceCv    | Entered an ice cave
 15385 | IceCv    | Noticed a reaper
 15431 | IceCv    | Killed a reaper
 15485 | IceCv    | Got the Folio of Glaciation
 15617 | Lair:2   | Found a staircase to the Swamp.
 15633 | Lair:2   | Found a hole to the Spider Nest.
 16353 | Lair:3   | Found a blossoming altar of Fedhas.
 16465 | Lair:3   | You fall into a shaft and drop 2 floors!
 16465 | Lair:5   | Entered Level 5 of the Lair of Beasts
 16780 | Lair:4   | Reached XP level 14. HP: 78/106 MP: 21/21
 16908 | Lair:3   | Noticed Rupert
 17400 | Lair:4   | Reached skill level 10 in Invocations
 17926 | Lair:4   | Reached skill level 10 in Fighting
 18162 | Lair:4   | Found the +1 robe of Vines {NoPotionHeal Regen++++}
 18520 | Lair:5   | Noticed Urug
 18581 | Lair:5   | Killed Urug
 18620 | Lair:5   | Noticed Kirke
 18639 | Lair:5   | Killed Kirke
 18767 | Lair:5   | Got the Vademecum on Evil and Reformation
 18903 | Lair:5   | Found a viscous altar of Jiyva.
 18904 | Lair:5   | Found a staircase to the Slime Pits.
 19403 | Lair:5   | Reached XP level 15. HP: 79/115 MP: 23/23
 19414 | Lair:5   | Reached skill level 10 in Shields
 19602 | Lair:5   | Reached skill level 10 in Throwing
 19637 | Lair:5   | Reached ****** piety under Hepliaklqana
 19791 | Lair:5   | Reached skill level 10 in Armour
 20036 | Orc:1    | Entered Level 1 of the Orcish Mines
 20036 | Orc:1    | Noticed an orc warlord
 20158 | Orc:2    | Entered Level 2 of the Orcish Mines
 20173 | Orc:1    | Reached skill level 10 in Evocations
 20196 | Orc:2    | Found a staircase to the Elven Halls.
 22450 | Orc:2    | Found Nujutot's Armour Boutique.
 22450 | Orc:2    | Found Ucoosch's Antique Weapon Shoppe.
 22450 | Orc:2    | Found Waed's Book Shoppe.
 22450 | Orc:2    | Found Cyavomu's Weapon Shop.
 22841 | Orc:1    | Paralysed by an orc sorcerer for 2 turns
 23252 | Orc:1    | Paralysed by an orc sorcerer for 3 turns
 24842 | Orc:1    | Killed an orc warlord
 25439 | D:12     | Noticed Lodul
 25439 | D:12     | Noticed Nessos
 25452 | D:12     | Killed Lodul
 25470 | D:12     | Killed Nessos
 25842 | D:13     | Reached XP level 16. HP: 125/125 MP: 25/25
 26308 | D:13     | Identified the +4 chain mail of Anesigir {rElec rPois Int+2
                  | Dex+2}
 27210 | D:14     | Found a hazy altar of Hepliaklqana.
 27474 | D:14     | Found a gate to the Vaults.
 27685 | D:15     | Entered Level 15 of the Dungeon
 28535 | D:15     | Found a staircase to the Depths.
 29032 | Spider:1 | Entered Level 1 of the Spider Nest
 30895 | Spider:2 | Noticed Donald
 31081 | Spider:2 | Killed Donald
 31277 | Spider:2 | Reached XP level 17. HP: 109/133 MP: 27/27
 31522 | Spider:2 | Identified the +5 quarterstaff of the Heavens {freeze,
                  | rN++}
 31546 | Spider:2 | Noticed Nikola
 31585 | Spider:2 | Killed Nikola
 31960 | Spider:2 | Identified a scroll of acquirement
 31966 | Spider:2 | Acquired a manual of Shields
 32264 | Spider:3 | Noticed Arachne
 32843 | Spider:3 | Identified the +2 cloak of Objectivity {Regen+}
 32859 | Spider:3 | Killed Arachne
 33584 | Spider:4 | Entered Level 4 of the Spider Nest
 33603 | Spider:4 | HP: 1/133 [radroach (16)]
 33606 | Spider:4 | Gained mutation: Your body sometimes deteriorates upon
                  | taking damage. [mutagenic glow]
 33721 | Spider:4 | Reached skill level 10 in Dodging
 34402 | Spider:3 | Reached skill level 15 in Axes
 36322 | Spider:4 | Reached XP level 18. HP: 133/143 MP: 28/28
 36714 | Spider:4 | Got a gossamer rune of Zot
 36881 | Spider:4 | Upgraded the game from 0.29.0-5-ge4962eb29e to
                  | 0.29.0-7-g18a832c13a
 36949 | Swamp:1  | Entered Level 1 of the Swamp
 36949 | Swamp:1  | Noticed Aizul
 37010 | Swamp:1  | Killed Aizul
 37122 | Swamp:1  | Noticed a tentacled monstrosity
 37161 | Swamp:1  | Killed from afar by a bog body

Illustrated notes

Levels and vault maps discovered:
D:1:      ncdulo_watergridlock, layout_basic, nicolae_hexahallways
D:2:      layout_rooms, basic_altar, ebering_ecumenical_altar_mist,
          minmay_surrounded, uniq_terence, uniq_sigmund, uniq_crazy_yiuf_cottage
D:3:      cheibrodos_helix_gallery, layout_basic, uniq_grinder
D:4:      layout_rooms, grunt_temple_overflow_order_and_chaos_2, temple_green
D:5:      layout_basic, xom_confusion_cloud, nicolae_dithmenos_the_darkroom,
          grunt_temple_overflow_opulence, uniq_edmund, uniq_blork_the_orc,
          uniq_duvessa
D:6:      cheibrodos_quashed, layout_cave_pools, serial_column_ruins,
          column_ruins_square_small, column_ruins_open_tiny,
          column_ruins_open_small, column_ruins_corridor_straight,
          column_ruins_grid_1, column_ruins_open_tiny, column_ruins_open_tiny,
          column_ruins_grid_2, nicolae_shop_fire_sale [nicolae_sub_dead_trees]
D:7:      layout_loops_ring, kiku_gazebo_garden_becter
D:8:      layout_gridville, mainiacjoe_overflow_cross_hatched,
          due_lair_maze_entry_diamond
D:9:      layout_irregular_city, overflow_temple_1_default, david_orc_5
D:10:     layout_gridville, hangedman_decor_diamond_cutter,
          hangedman_decor_opposing, minivault_20
D:11:     layout_loops_ring, uniq_gastronok
D:12:     layout_cave_pools, uniq_lodul, uniq_nessos
D:13:     layout_basic
D:14:     layout_rooms, grunt_vaults_entry_tiered, nzn_hepliaklqana_mist_gate
D:15:     hangedman_depths_entry_try_elsewhere_first, layout_basic
Temple:   hellmonk_temple_divided_pantheon
Lair:1:   layout_cave_shapes, grunt_forest_large_clearings
Lair:2:   layout_regular_city, swamp_mist, spider_nest_entry_rubble,
          portal_ice_cave_entry_pillars_1, evilmike_ambush
          [evilmike_ambush_outer_corners, evilmike_ambush_inner_basic]
Lair:3:   layout_regular_city, hangedman_tree_tricks, grunt_megastairs_5,
          uniq_rupert
Lair:4:   layout_long_grid, hellmonk_guarded_unrand_vines, serial_bayou_shore_b
Lair:5:   evilmike_catoblepas_cave, layout_long_grid, slime_entry_1, uniq_kirke,
          uniq_urug
Swamp:1:  layout_basic_swamp, evilmike_swamp_ruin_rubble_1, swamp_pool1,
          nicolae_swamp_big_swirl, uniq_aizul
Spider:1: layout_spider_delve, nicolae_spider_eight_legs
Spider:2: layout_spider_delve, uniq_nikola, uniq_donald
Spider:3: layout_cave_pods, uniq_arachne
Spider:4: guppyfry_spider_rune, hellmonk_narrow_tunnel
Orc:1:    layout_caves
Orc:2:    st_orc_ogre_mass, layout_caves

Skill      XL: |  1  2  3  4  5  6  7  8  9 10 11 12 13 14 15 16 17 18 |
---------------+-------------------------------------------------------+-----
Throwing       | 2 3 4 5 6 7 8 9 10 11 12 | 12.1
Axes           | 5 7 9 11 12 13 14 15 | 15.6
Evocations     | 1 2 3 4 5 6 7 8 9 10 11 12 | 12.5
Armour         | 1 3 4 6 7 8 9 10 11 12 | 12.9
Shields        | 1 3 4 6 7 8 9 11 13 | 13.9
Dodging        | 3 4 5 6 7 8 9 10 | 10.0
Invocations    | 2 4 6 8 9 11 12 13 14 | 14.8
Fighting       | 3 4 6 8 9 10 11 12 13 14 | 14.0

Action                   |  1- 3 |  4- 6 |  7- 9 | 10-12 | 13-15 | 16-18 || total
-------------------------+-------+-------+-------+-------+-------+-------++-------
Melee: War axe           |    83 |   100 |   234 |   478 |   789 |  1008 ||  2692
       Morningstar       |       |       |       |     2 |    21 |    13 ||    36
       Broad axe         |       |       |       |       |       |     3 ||     3
Throw: Throwing net      |     3 |     1 |       |       |       |       ||     4
       Javelin           |       |       |     7 |     5 |     4 |     3 ||    19
       Boomerang         |       |       |       |    10 |    40 |    51 ||   101
Invok: Ancestor Identity |       |       |     1 |       |       |       ||     1
       Recall Ancestor   |       |       |       |     4 |    12 |     3 ||    19
       Ancestor Life: He |       |       |       |     1 |       |       ||     1
       Idealise          |       |       |       |       |     2 |     2 ||     4
Evoke: Wand              |       |     3 |     5 |     5 |    14 |    24 ||    51
       Condenser vane    |       |       |       |       |       |     3 ||     3
  Use: Scroll            |       |       |     9 |    12 |    12 |    19 ||    52
       Potion            |       |       |       |     2 |     3 |    19 ||    24
 Stab: Confused          |       |       |       |    12 |    10 |    16 ||    38
       Distracted        |       |       |       |     5 |    15 |    13 ||    33
       Fleeing           |       |       |       |     1 |     1 |       ||     2
       Paralysed         |       |       |       |       |    24 |   127 ||   151
       Petrified         |       |       |       |       |     1 |       ||     1
Armor: Leather armour    |    14 |       |       |       |       |       ||    14
       Ring mail         |    10 |       |       |       |       |       ||    10
       Chain mail        |     5 |    57 |    58 |       |       |   522 ||   642
       Plate armour      |       |       |    34 |   200 |   324 |   128 ||   686
Dodge: Dodged            |    56 |    27 |    47 |   125 |   285 |   632 ||  1172
Block: Kite shield       |       |    17 |    98 |   171 |   419 |   785 ||  1490
       Reflection        |       |       |       |       |       |     1 ||     1
